 Dungeon Crawl Stone Soup version 0.30.0-29-ga12c61a403 (webtiles) character file.

Game seed: 15549223450917425562

1851 qw the Blocker (level 9, -6/54 HPs)
             Began as a Gargoyle Fighter on June 5, 2023.
             Killed from afar by Dowan (17 damage)
             ... with a stone arrow
             ... on level 6 of the Dungeon.
             The game lasted 00:03:06 (5700 turns).

qw the Blocker (Gargoyle Fighter)                   Turns: 5700, Time: 00:03:06

Health: -6/54      AC: 16    Str: 23 (24) XL:     9   Next: 12%
Magic:  9/9        EV:  7    Int:  9      God:
Gold:   135        SH:  9    Dex:  9      Spells: 8/8 levels left

rFire   . . .        Y - +1 war axe
rCold   . . .        k - +0 kite shield
rNeg    + . .        g - +0 chain mail
rPois   inf          b - +0 helmet {SInv}
rElec   +            (no cloak)
rCorr   .            (no gloves)
SInv    +            (no boots)
Will    .....        (no amulet) Stlth
                     (no ring)
HPRegen 0.29/turn    (no ring)
MPRegen 0.11/turn

%: no passive effects
@: lit by a corona, glowing
A: sickness immunity, AC +6, negative energy resistance 1, electricity
resistance, torment resistance 1, petrification resistance
a: no special abilities


You were on level 6 of the Dungeon.
You visited 2 branches of the dungeon, and saw 7 of its levels.
You also visited: Ossuary.

You collected 300 gold pieces.
You spent 165 gold pieces at shops.


Innate Abilities, Weirdness & Mutations

You are immune to sickness and miasma.
Your stone body is resilient. (AC +6)
You are immune to poison.
You resist negative energy. (rN+)
You are resistant to electric shocks. (rElec)
You are resistant to unholy torment.
You are immune to petrification.


   Skills:
 - Level 5.0 Fighting
 + Level 7.4 Axes
 - Level 1.9 Throwing
 - Level 3.2 Armour
 - Level 1.1 Dodging
 - Level 8.3 Shields


You had 8 spell levels left.
You didn't know any spells.
Your spell library was empty.

Inventory:

Hand Weapons
 e - a +0 morningstar
 Y - a +1 war axe (weapon)
Missiles
 l - a boomerang (quivered)
Armour
 b - a +0 helmet of see invisible (worn)
 g - a +0 chain mail (worn)
 k - a +0 kite shield (worn)
Scrolls
 q - a scroll of identify
Potions
 a - a potion of lignification
 d - 3 potions of might
 f - a potion of mutation
 i - 4 potions of curing
 m - a potion of attraction
 n - a potion of haste {unknown}

Dungeon Overview and Level Annotations

Branches:
Dungeon (6/15)             Temple (1/1) D:5         Ossuary (visited)

Altars:
Ashenzari
Cheibriados
Dithmenos
Elyvilon
Fedhas
Gozag
Hepliaklqana
Kikubaaqudgha
Nemelex Xobeh
Qazlal
Sif Muna
Trog
Uskayaw
Xom
Yredelemnul
Zin

Shops:
D:5 !

Annotations:
D:6 Dowan


Message History

Duvessa hits you with a +2 short sword of draining!
Dowan hits you with a +0 dagger of venom.
You barely miss Duvessa.
Duvessa is severely wounded.
You miss Dowan.
Duvessa hits you with a +2 short sword of draining.
Dowan hits you but does no damage. You block Duvessa's attack.
You hit Duvessa but do no damage.
Duvessa is severely wounded.
You barely miss Dowan. You block Duvessa's attack.
Dowan hits you but does no damage. Duvessa hits you but does no damage.
Dowan barely misses you.
You hit Duvessa.
Duvessa is severely wounded.
You miss Dowan.
Duvessa hits you with a +2 short sword of draining.
Dowan gestures wildly while chanting.
Dowan blinks!
You block Duvessa's attack.
You hit Duvessa.
Duvessa is almost dead.
Duvessa barely misses you.
Dowan points at you and mumbles some strange words.
You are outlined in light.
You block Duvessa's attack.
You slash Duvessa!
You kill Duvessa!
Dowan's eyes darken. "You have made a black mistake."
Dowan seems to find hidden reserves of power!
You block Dowan's attack.
You feel your strength returning.
You hit Dowan.
Dowan is heavily wounded.
Dowan casts a spell at you. The stone arrow hits you.
Dowan hits you but does no damage.
You barely miss Dowan.
Dowan is heavily wounded.
Dowan says, "Magic will overcome all!"
Dowan hits you but does no damage. Dowan gestures at you while chanting.
The stone arrow hits you!
You die...

#.#....... ....#.#..
####.#......... .........
#............> .........
#.##.#.##+#.. .......#.
#.##.#.# .# ........#
#.##.#.##+#.#####+#.....#
#.##.....................
#.##.....).....#.........
##.###...@......#.........
#....'..e.......#.........
######..........#........#
##########.#........# .
...... ....... .......
.....#. .....##


You could see Dowan (fast).

Vanquished Creatures
  Pikel (D:6)
  A steam dragon (D:6)
  Duvessa (D:6)
  2 ice beasts (D:5)
  2 sky beasts
  An ogre (D:5)
  A kobold brigand (D:6)
  A bullfrog (D:6)
  A scorpion (D:4)
  A howler monkey (D:4)
  2 orc priests
  2 hounds (D:5)
  A sleepcap (D:6)
  2 iguanas
  3 orc wizards
  6 gnolls
  5 adders
  An ufetubus (D:5)
  3 worms
  3 dart slugs
  10 orcs
  4 bats
  6 endoplasms
  3 giant cockroaches
  A gnoll zombie (Ossuary)
  5 goblins
  10 hobgoblins
  4 jackals (D:1)
  7 kobolds
  3 quokkas
  13 ball pythons
  3 frilled lizards
  2 gnoll skeletons (Ossuary)
  4 goblin skeletons (Ossuary)
  6 goblin zombies (Ossuary)
  2 hobgoblin skeletons (Ossuary)
  3 hobgoblin zombies (Ossuary)
  2 kobold skeletons (Ossuary)
  A kobold zombie (Ossuary)
  7 orc skeletons (Ossuary)
  3 orc zombies (Ossuary)
  A quokka zombie (D:4)
  6 rats
  3 rat skeletons (Ossuary)
  5 rat zombies
154 creatures vanquished.

Notes
Turn   | Place    | Note
-------+----------+-------------------------------------------
     0 | D:1      | qw the Gargoyle Fighter began the quest for the Orb.
     0 | D:1      | Reached XP level 1. HP: 14/14 MP: 1/1
     0 | D:1      | 0 ||| qw: Version: 0.2-a-108-gee2c290
     0 | D:1      | 0 ||| qw: Game counter: 1326
     0 | D:1      | 0 ||| qw: Always use a shield: true
     0 | D:1      | 0 ||| qw: God list: Okawaru
     0 | D:1      | 0 ||| qw: Allow faded altars: false
     0 | D:1      | 0 ||| qw: Do Orc after D:15 true
     0 | D:1      | 0 ||| qw: Do second Lair branch before Depths: true
     0 | D:1      | 0 ||| qw: Lair rune preference: random
     0 | D:1      | 0 ||| qw: Plans: Normal, Zot:1-4, Slime:5, God:TSO, Crypt,
                  | Tomb, Abyss, Pan, Hells, Win
     0 | D:1      | 0 ||| PLANNING D:1-11
   138 | D:1      | Reached XP level 2. HP: 19/19 MP: 2/2
   169 | D:1      | Found a faded altar of an unknown god.
   257 | D:1      | 257 ||| Stepping ~*~*~tactically~*~*~ (stealth).
   273 | D:1      | You fall into a shaft and drop 1 floor!
   289 | D:2      | Reached skill level 3 in Axes
   338 | D:2      | 338 ||| Stepping ~*~*~tactically~*~*~ (stealth).
   344 | D:2      | Reached XP level 3. HP: 23/23 MP: 3/3
   456 | D:2      | 456 ||| Stepping ~*~*~tactically~*~*~ (stealth).
   503 | D:2      | 503 ||| Stepping ~*~*~tactically~*~*~ (stealth).
   505 | D:2      | 505 ||| Stepping ~*~*~tactically~*~*~ (stealth).
   513 | D:2      | 513 ||| Stepping ~*~*~tactically~*~*~ (stealth).
   514 | D:2      | 514 ||| Stepping ~*~*~tactically~*~*~ (stealth).
   549 | D:2      | 549 ||| UPGRADING to +0 helmet.
   554 | D:2      | 554 ||| UPGRADING to +0 kite shield.
   564 | D:2      | 564 ||| DROPPING +0 buckler.
   565 | D:2      | 565 ||| READING scroll labelled XYGRY ROKAPSO.
   566 | D:2      | 566 ||| READING scroll labelled JYRATU ELIZOSO.
   567 | D:2      | 567 ||| READING scroll labelled JUFROI HEL NUE.
   568 | D:2      | 568 ||| READING scroll labelled ALYNUNNING.
   569 | D:2      | 569 ||| READING scroll labelled CYATERO MAHI.
   573 | D:2      | 573 ||| DRINKING 2 smoky emerald potions.
  1035 | D:1      | 1035 ||| READING scroll labelled YSTIGABUGG.
  1036 | D:1      | 1036 ||| READING scroll labelled XOZEXU BERU.
  1145 | D:2      | 1145 ||| Stepping ~*~*~tactically~*~*~ (hiding).
  1159 | D:2      | Reached skill level 4 in Shields
  1159 | D:2      | Reached XP level 4. HP: 9/28 MP: 4/4
  1163 | D:2      | HP: 7/28 [gnoll/+0 spear (3)]
  1164 | D:2      | 1164 ||| READING scroll of teleportation.
  1256 | D:2      | 1256 ||| DROPPING +0 club.
  1368 | D:2      | 1368 ||| Stepping ~*~*~tactically~*~*~ (stealth).
  1369 | D:2      | 1369 ||| Stepping ~*~*~tactically~*~*~ (stealth).
  1664 | D:2      | 1664 ||| DRINKING 2 inky potions.
  1749 | D:3      | 1749 ||| Stepping ~*~*~tactically~*~*~ (hiding).
  1750 | D:3      | 1750 ||| Stepping ~*~*~tactically~*~*~ (hiding).
  1772 | D:3      | 1772 ||| Stepping ~*~*~tactically~*~*~ (stealth).
  1785 | D:3      | 1785 ||| Stepping ~*~*~tactically~*~*~ (stealth).
  2329 | D:3      | 2329 ||| FLEEEEING.
  2339 | D:3      | 2339 ||| FLEEEEING.
  2340 | D:3      | 2340 ||| FLEEEEING.
  2341 | D:3      | 2341 ||| FLEEEEING.
  2346 | D:3      | 2346 ||| FLEEEEING.
  2347 | D:3      | 2347 ||| FLEEEEING.
  2348 | D:3      | 2348 ||| FLEEEEING.
  2349 | D:3      | 2349 ||| FLEEEEING.
  2350 | D:3      | 2350 ||| FLEEEEING.
  2356 | D:3      | 2356 ||| FLEEEEING.
  2357 | D:3      | 2357 ||| FLEEEEING.
  2360 | D:3      | 2360 ||| FLEEEEING.
  2361 | D:3      | 2361 ||| FLEEEEING.
  2370 | D:3      | Reached XP level 5. HP: 32/32 MP: 5/5
  2483 | D:3      | 2483 ||| Stepping ~*~*~tactically~*~*~ (hiding).
  2484 | D:3      | 2484 ||| Stepping ~*~*~tactically~*~*~ (hiding).
  2487 | D:3      | 2487 ||| Stepping ~*~*~tactically~*~*~ (hiding).
  2488 | D:3      | 2488 ||| Stepping ~*~*~tactically~*~*~ (hiding).
  2489 | D:3      | 2489 ||| Stepping ~*~*~tactically~*~*~ (hiding).
  2490 | D:3      | 2490 ||| Stepping ~*~*~tactically~*~*~ (hiding).
  2494 | D:3      | 2494 ||| DRINKING potion of curing.
  2494 | D:3      | 2494 ||| (to cure confusion)
  2679 | D:3      | 2679 ||| UPGRADING to +0 chain mail.
  2689 | D:3      | 2689 ||| DROPPING +0 scale mail.
  2690 | D:3      | 2690 ||| READING scroll labelled DAYCSU FISI.
  2690 | D:3      | Identified a scroll of acquirement
  2690 | D:3      | 2690 ||| ACQUIRING +0 helmet of see invisible
  2690 | D:3      | Acquired a +0 helmet of see invisible
  2692 | D:3      | 2692 ||| UPGRADING to +0 helmet of see invisible.
  2702 | D:3      | 2702 ||| DROPPING +0 helmet.
  2703 | D:3      | 2703 ||| READING 2 scrolls labelled HEIJAI FUKKODI.
  2704 | D:3      | 2704 ||| READING scroll labelled ICVEM HAROUX.
  2705 | D:3      | 2705 ||| READING scroll labelled DUAWNYFOCES.
  2706 | D:3      | 2706 ||| READING scroll labelled JELEW HISTRYXT.
  2730 | D:3      | 2730 ||| DROPPING scroll of butterflies.
  2756 | D:4      | 2756 ||| PLANNING OSSUARY
  2867 | D:4      | Reached skill level 5 in Shields
  3028 | D:4      | 3028 ||| Stepping ~*~*~tactically~*~*~ (stealth).
  3043 | D:4      | Reached XP level 6. HP: 34/37 MP: 6/6
  3084 | D:4      | 3084 ||| READING 2 scrolls of identify.
  3084 | D:4      | 3084 ||| IDENTIFYING smoky dark potion
  3156 | D:4      | 3156 ||| STAIRDANCE
  3299 | D:4      | Found a sand-covered staircase.
  3312 | Ossuary  | Entered an ossuary
  3345 | Ossuary  | 3345 ||| FLEEEEING.
  3346 | Ossuary  | 3346 ||| FLEEEEING.
  3347 | Ossuary  | 3347 ||| FLEEEEING.
  3348 | Ossuary  | 3348 ||| FLEEEEING.
  3349 | Ossuary  | 3349 ||| FLEEEEING.
  3350 | Ossuary  | 3350 ||| FLEEEEING.
  3409 | Ossuary  | 3409 ||| FLEEEEING.
  3410 | Ossuary  | 3410 ||| FLEEEEING.
  3411 | Ossuary  | 3411 ||| FLEEEEING.
  3412 | Ossuary  | 3412 ||| FLEEEEING.
  3413 | Ossuary  | 3413 ||| FLEEEEING.
  3414 | Ossuary  | 3414 ||| FLEEEEING.
  3415 | Ossuary  | 3415 ||| FLEEEEING.
  3416 | Ossuary  | 3416 ||| FLEEEEING.
  3417 | Ossuary  | 3417 ||| FLEEEEING.
  3418 | Ossuary  | 3418 ||| FLEEEEING.
  3419 | Ossuary  | 3419 ||| FLEEEEING.
  3692 | Ossuary  | 3692 ||| Stepping ~*~*~tactically~*~*~ (stealth).
  3697 | Ossuary  | 3697 ||| Stepping ~*~*~tactically~*~*~ (stealth).
  3699 | Ossuary  | 3699 ||| Stepping ~*~*~tactically~*~*~ (stealth).
  3712 | Ossuary  | 3712 ||| FLEEEEING.
  3713 | Ossuary  | 3713 ||| FLEEEEING.
  3714 | Ossuary  | 3714 ||| FLEEEEING.
  3726 | Ossuary  | 3726 ||| FLEEEEING.
  3727 | Ossuary  | 3727 ||| FLEEEEING.
  3728 | Ossuary  | 3728 ||| FLEEEEING.
  3927 | D:4      | 3927 ||| PLANNING D:1-11
  3962 | D:4      | 3962 ||| Stepping ~*~*~tactically~*~*~ (stealth).
  3970 | D:4      | 3970 ||| Stepping ~*~*~tactically~*~*~ (stealth).
  4057 | D:4      | 4057 ||| Stepping ~*~*~tactically~*~*~ (hiding).
  4265 | D:5      | Entered Level 5 of the Dungeon
  4269 | D:5      | Noticed an ice beast
  4276 | D:5      | Noticed a sky beast
  4283 | D:5      | Killed an ice beast
  4284 | D:5      | Reached skill level 6 in Shields
  4284 | D:5      | Reached XP level 7. HP: 43/43 MP: 7/7
  4314 | D:5      | 4314 ||| Stepping ~*~*~tactically~*~*~ (stealth).
  4323 | D:5      | HP: 10/43 [ogre/+0 giant club (17)]
  4324 | D:5      | 4324 ||| READING scroll of teleportation.
  4452 | D:5      | Found a staircase to the Ecumenical Temple.
  4453 | D:5      | 4453 ||| PLANNING TEMPLE
  4454 | D:5      | 4454 ||| READING 2 scrolls of identify.
  4454 | D:5      | 4454 ||| IDENTIFYING viscous emerald potion
  4466 | D:5      | HP: 5/43 [ice beast (10)]
  4468 | D:5      | HP: 2/43 [hound (3)]
  4473 | D:5      | Reached skill level 6 in Axes
  4622 | Temple   | Entered the Ecumenical Temple
  4656 | Temple   | 4656 ||| PLANNING D:1-11
  4742 | D:5      | Identified the +0 dagger of Beogh, Ageing {venom, rPois
                  | Dex+5}
  4746 | D:5      | Found Pyucul's Distillery.
  4749 | D:5      | 4749 ||| BUYING 2 potions of curing (66 gold).
  4749 | D:5      | Bought 2 potions of curing for 66 gold pieces
  4749 | D:5      | 4749 ||| BUYING potion of curing (33 gold).
  4749 | D:5      | Bought a potion of curing for 33 gold pieces
  4749 | D:5      | 4749 ||| BUYING potion of curing (33 gold).
  4749 | D:5      | Bought a potion of curing for 33 gold pieces
  4749 | D:5      | 4749 ||| BUYING potion of curing (33 gold).
  4749 | D:5      | Bought a potion of curing for 33 gold pieces
  4749 | D:5      | 4749 ||| SHOPLISTING potion of curing (33 gold, have 8).
  4799 | D:5      | 4799 ||| Stepping ~*~*~tactically~*~*~ (hiding).
  4808 | D:5      | 4808 ||| DRINKING 5 potions of curing.
  4808 | D:5      | 4808 ||| (to cure confusion)
  4811 | D:5      | Reached skill level 1 in Dodging
  4815 | D:5      | Reached XP level 8. HP: 35/48 MP: 8/8
  4930 | D:5      | Found a sparkling altar of Nemelex Xobeh.
  5088 | D:5      | 5088 ||| DROPPING ring of wizardry.
  5089 | D:5      | 5089 ||| READING scroll labelled DIREITW COURPH.
  5090 | D:5      | 5090 ||| DRINKING 2 orange potions.
  5091 | D:5      | 5091 ||| DROPPING potion of degeneration.
  5102 | D:6      | Identified the +0 leather armour "Hirch" {Dex+4}
  5138 | D:6      | 5138 ||| DROPPING +0 whip.
  5225 | D:6      | 5225 ||| Stepping ~*~*~tactically~*~*~ (hiding).
  5227 | D:6      | 5227 ||| Stepping ~*~*~tactically~*~*~ (hiding).
  5381 | D:6      | Noticed Pikel
  5400 | D:6      | Killed Pikel
  5401 | D:6      | Reached skill level 8 in Shields
  5647 | D:6      | Reached skill level 1 in Throwing
  5647 | D:6      | Reached XP level 9. HP: 50/54 MP: 9/9
  5680 | D:6      | Noticed Dowan
  5681 | D:6      | Noticed Duvessa
  5694 | D:6      | HP: 13/54 [Duvessa/+2 short sword of draining (3)]
  5698 | D:6      | Killed Duvessa
  5699 | D:6      | HP: 11/54 [Dowan/stone arrow (2)]
  5700 | D:6      | Killed from afar by Dowan

Levels and vault maps discovered:
D:1:      ebering_hopf_link, layout_loops_ring, basic_ecumenical_altar,
          chequers_serial_rivers_room_a
D:2:      layout_loops_ring, minmay_statues_item, minivault_27
D:3:      layout_basic, minmay_curled_crystal, grunt_decor_cap
D:4:      layout_basic, enter_ossuary_4
D:5:      layout_cave_pools, nemelex_diamond_rough_becter,
          minmay_temple_entry_waves, serial_shops, kennysheep_mini_moat,
          st_stairs_7
D:6:      layout_basic, mainiacjoe_overflow_swirl, uniq_crazy_yiuf_cottage,
          uniq_duvessa, uniq_pikel
Temple:   hellmonk_temple_of_storms

Skill      XL: |  1  2  3  4  5  6  7  8 |
---------------+-------------------------+-----
Axes           | 2 3 4 5 6 7 |  7.4
Shields        | 4 5 6 8 |  8.3
Fighting       | 4 5 |  5.0
Dodging        | 1 |  1.1
Throwing       | 1 |  1.9
Armour         | |  3.2

Action                     |  1- 3 |  4- 6 |  7- 9 || total
---------------------------+-------+-------+-------++-------
  Melee: War axe           |    95 |   239 |   148 ||   482
  Throw: Boomerang         |       |       |    15 ||    15
    Use: Scroll            |     7 |     7 |     3 ||    17
         Potion            |     1 |     2 |     2 ||     5
 Armour: Scale mail        |    49 |    41 |       ||    90
         Chain mail        |       |    46 |    94 ||   140
  Dodge: Dodged            |    34 |    61 |    58 ||   153
  Block: Buckler           |    13 |       |       ||    13
         Kite shield       |     9 |    69 |    60 ||   138

Table legend:
 A = Non-vault XP
 B = Vault XP
 C = Vault XP percentage of total XP
 D = Non-vault monster count
 E = Vault monster count
 F = Vault count percentage of total count
                 A         B        C        D         E       F
            +---------+---------+-------+---------+---------+-------
      Total |    1833 |     812 |  30.7 |     111 |      43 |  27.9
            +---------+---------+-------+---------+---------+-------
        D:1 |      33 |       0 |   0.0 |      18 |       0 |   0.0
        D:2 |      85 |       0 |   0.0 |      27 |       0 |   0.0
        D:3 |     131 |       0 |   0.0 |      23 |       0 |   0.0
        D:4 |     214 |       2 |   0.9 |      13 |       2 |  13.3
        D:5 |     782 |      36 |   4.4 |      17 |       1 |   5.6
        D:6 |     588 |     735 |  55.6 |      13 |       2 |  13.3
    Ossuary |       0 |      39 | 100.0 |       0 |      38 | 100.0
            +---------+---------+-------+---------+---------+-------
